 Dungeon Crawl Stone Soup version 0.18.1-48-g4cf74bf (webtiles) character file.

200 MBI the Covert (level 5, -1/38 HPs)
             Began as a Vampire Assassin on July 7, 2016.
             Was an Initiate of Nemelex Xobeh.
             Slain by a centaur (7 damage)
             ... on level 3 of the Dungeon.
             The game lasted 00:22:52 (3506 turns).

MBI the Covert (Vampire Assassin)                   Turns: 3506, Time: 00:22:53

Health: -1/38      AC:  4    Str: 10    XL:     5   Next: 49%
Magic:  5/5        EV: 14    Int: 14    God:    Nemelex Xobeh [......]
Gold:   175        SH:  0    Dex: 22    Spells: 0 memorised, 4 levels left

rFire  . . .     SeeInvis +     a - +2 dagger
rCold  . . .     Gourm    .     c - +0 robe
rNeg   . . .     Faith    .     (no shield)
rPois  .         Spirit   .     (no helmet)
rElec  .         Dismiss  .     d - +0 cloak
rCorr  .         Reflect  .     q - +0 pair of gloves
SustAt .         Harm     .     (no boots)
MR     .....                    (no amulet)
Stlth  +++++.....               (no ring)
                                o - +6 ring of dexterity

@: very slightly contaminated, regenerating quickly, hasted, very quick, not
resistant to hostile enchantments, quite stealthy
A: fangs 3, see invisible, unbreathing
a: Renounce Religion


You were on level 3 of the Dungeon.
You worshipped Nemelex Xobeh.
Nemelex Xobeh was noncommittal.
You were full.

You visited 1 branch of the dungeon, and saw 3 of its levels.

You collected 175 gold pieces.

Inventory:

Hand Weapons
 a - a +2 dagger (weapon)
 b - a +0 blowgun
Missiles
 e - 19 poisoned needles
 f - 2 curare-tipped needles (quivered)
Armour
 c - a +0 robe (worn)
 d - a +0 cloak (worn)
 q - a +0 pair of gloves (worn)
 u - a +0 cloak
 w - a +0 pair of gloves
Jewellery
 o - a +6 ring of dexterity (left hand)
 r - an uncursed ring of sustain attributes {unknown}
Scrolls
 j - 2 scrolls of identify
 k - 2 scrolls of blinking {unknown}
 n - a scroll of enchant weapon {unknown}
 s - a scroll of immolation {unknown}
 t - a scroll of amnesia {unknown}
 v - a scroll of enchant armour {unknown}
Potions
 g - 10 potions of blood
 h - a potion of agility {unknown}
 i - a potion of flight {unknown}
 p - a potion of might {unknown}
Miscellaneous
 x - a plain deck of destruction


   Skills:
 * Level 2.2 Fighting
 * Level 2.9 Short Blades
 + Level 2.1 Throwing
 + Level 3.2 Dodging
 + Level 8.0 Stealth


You had 4 spell levels left.
You didn't know any spells.

Dungeon Overview and Level Annotations

Branches:
Dungeon (3/15)

Altars:
Ashenzari
Elyvilon
Nemelex Xobeh


Innate Abilities, Weirdness & Mutations

Your natural rate of healing is unusually fast.
You have razor-sharp teeth.
You have supernaturally acute eyesight.
You can survive without breathing.


Message History

The centaur shoots an arrow.
The arrow misses you.
There is an open door here.
You see here an arrow.
The centaur shoots an arrow.
The arrow misses you.
You see here an arrow.
The centaur shoots an arrow.
The arrow closely misses you.
You see here an arrow.
The centaur shoots an arrow.
The arrow hits you!
* * * LOW HITPOINT WARNING * * *
You see here an arrow.
Drink which item? (? for menu, Esc to quit)
You feel yourself speed up.
The centaur unwields an uncursed shortbow.
The centaur completely misses you.
You are very lightly contaminated with residual magic.
The centaur hits you.
* * * LOW HITPOINT WARNING * * *
The centaur hits you!
You die...
Your body disappears without a glow.

..###.## ##
#.##...## ..
#.#.....#
#.##.##...#
#........#######
####.##.........
# #.###########
#.######.#
#..@c....#
##########


You could see a centaur.

Vanquished Creatures
  Crazy Yiuf (D:3)
  Ijyb (D:2)
  4 gnolls (D:2)
  2 adders (D:2)
  An ooze (D:2)
  An adder skeleton (D:2)
  A worm (D:2)
  2 dart slugs
  2 giant geckos
  5 bats
  5 giant cockroaches
  12 goblins
  5 hobgoblins
  10 jackals
  3 quokkas
  A ball python (D:1)
  2 giant cockroach zombies (D:2)
  4 giant newts
  5 kobolds
  A quokka skeleton (D:3)
  8 rats
  A fungus (D:3)
77 creatures vanquished.

Notes
Turn   | Place    | Note
--------------------------------------------------------------
     0 | D:1      | MBI the Vampire Assassin began the quest for the Orb.
     0 | D:1      | Reached XP level 1. HP: 16/16 MP: 1/1
    89 | D:1      | Reached skill level 6 in Stealth
   402 | D:1      | Reached XP level 2. HP: 22/22 MP: 2/2
   626 | D:1      | Found a shattered altar of Ashenzari.
  1036 | D:2      | Reached skill level 7 in Stealth
  1210 | D:2      | Reached XP level 3. HP: 20/27 MP: 3/3
  1944 | D:2      | Reached XP level 4. HP: 33/33 MP: 4/4
  2362 | D:2      | Reached skill level 8 in Stealth
  2491 | D:2      | Noticed Ijyb
  2678 | D:2      | Killed Ijyb
  2678 | D:2      | Reached XP level 5. HP: 25/38 MP: 5/5
  3014 | D:3      | Noticed Crazy Yiuf
  3018 | D:3      | Killed Crazy Yiuf
  3261 | D:3      | Found a sparkling altar of Nemelex Xobeh.
  3261 | D:3      | Found a white marble altar of Elyvilon.
  3277 | D:3      | Became a worshipper of Nemelex Xobeh the Trickster
  3389 | D:3      | Received a gift from Nemelex Xobeh
  3449 | D:3      | Noticed a centaur
  3506 | D:3      | Slain by a centaur

Skill      XL: |  1  2  3  4  5 |
---------------+----------------+-----
Stealth        | 6 7 8 |  8.0
Fighting       | 2 |  2.2
Dodging        | 2 3 |  3.2
Throwing       | 2 |  2.1
Short Blades   | |  2.9

Action                   |  1- 3 |  4- 6 || total
-------------------------+-------+-------++-------
Melee: Dagger            |    98 |   178 ||   276
       Bite              |     5 |    18 ||    23
 Fire: Blowgun           |    13 |     9 ||    22
  Use: Scroll            |     2 |       ||     2
       Potion            |       |    10 ||    10
 Stab: Sleeping          |    13 |     5 ||    18
  Eat: Corpse            |     7 |     3 ||    10
Armor: Robe              |    27 |    46 ||    73
Dodge: Dodged            |    51 |   167 ||   218
